Map: Magannatha LE

Players

LightofXion

  • Race: Protoss Protoss
  • League: Platinum
  • Spawn Location: 11:00

SubN - Winner!

  • Race: Zerg Zerg
  • League: Diamond
  • Spawn Location: 5:00

VOD

Have the link to the VOD?

Description

Time

  • Played on: July 30, 2025, 4:36 p.m.
  • Length: 3:18
Show
View Real Time Build Order
Export as new Build Order

LightofXion Protoss 

Build Orders: 1 Gate Expand 

Get SALT Encoding   

  12  0:00  Probe  
  13  0:12  Probe  
  14  0:18  Pylon  
  14  0:32  Probe  
  15  0:48  Gateway  
  15  0:54  Probe, Assimilator  
  16  1:06  Probe  
  17  1:19  Probe  
  18  1:31  Probe  
  19  1:34  Nexus  
  19  1:43  Probe  
  20  1:52  Probe  
  20  1:54  Cybernetics Core  
  20  2:00  Probe  
  21  2:04  Assimilator  
  22  2:09  Probe  
  22  2:13  Pylon  
  23  2:31  Probe  
  24  2:43  Probe  
  27  2:55  Probe  
  28  2:58  Pylon  
Show
View Real Time Build Order
Export as new Build Order

SubN Zerg - Winner!

Build Orders: Hatch First 

Get SALT Encoding   

  12  0:00  Drone  
  13  0:12  Overlord  
  13  0:17  Drone  
  14  0:30  Drone x2  
  16  0:47  Hatchery  
  15  0:51  Drone  
  15  0:53  Drone  
  18  0:57  Drone  
  18  1:07  Extractor  
  17  1:13  Spawning Pool  
  17  1:17  Drone  
  17  1:20  Drone  
  18  1:34  Drone  
  19  2:00  Zergling x2  
  19  2:01  Zergling x6  
  23  2:02  Queen  
  23  2:03  Queen  
  27  2:10  Overlord  
  27  2:23  Overlord  
  27  2:33  Drone x3  
  27  2:36  Drone  
Tags
 
Add a new tag
Caveats
  • Supply blocks, unpowered buildings, or Contaminate may cause inaccurate times.
  • Supply counts are checked every 10 seconds.